 Dungeon Crawl Stone Soup version 0.29.1-13-g9f3cf754e1 (webtiles) character file.

Game seed: 14652169341747741647

238 concernfroge the Ducker (level 5, 0/22 HPs)
             Began as a Felid Transmuter on Jan 28, 2023.
             Slain by an iguana (14 damage)
             ... on level 5 of the Dungeon.
             The game lasted 00:09:03 (4630 turns).

concernfroge the Ducker (Felid Transmuter)          Turns: 4630, Time: 00:09:04

Health: 0/22       AC:  1    Str:  6    XL:     5   Next: 78%
Magic:  9/9        EV: 19    Int: 15    God:
Gold:   158        SH:  0    Dex: 18    Spells: 2/8 levels left
                                        Lives:  0   Deaths: 1

rFire   . . .      SeeInvis +     - Unarmed
rCold   . . .      Faith    .   (shield unavailable)
rNeg    . . .      Spirit   .   (body armour unavailable)
rPois   .          Reflect  .   (helmet unavailable)
rElec   .          Harm     .   (cloak unavailable)
rCorr   .          Rampage  .   (gloves unavailable)
Will    +....                   (boots unavailable)
Stlth   +++.......              (no amulet)
HPRegen 0.07/turn               e - ring of willpower
MPRegen 0.11/turn               (no ring)

@: quick
A: very small, claws 1, fangs 3, see invisible, speed 1, shaggy fur 1, stealthy
paws, no weapons or thrown items, no armour, multi-lived
a: no special abilities


You were on level 5 of the Dungeon.
You visited 1 branch of the dungeon, and saw 5 of its levels.

You collected 158 gold pieces.

Inventory:

Jewellery
 a - an amulet of the acrobat
 e - a ring of willpower (left paw)
Wands
 l - a wand of digging (4)
Scrolls
 b - 2 scrolls of blinking
 c - a scroll of fog {unknown}
 h - 3 scrolls of vulnerability {unknown}
 i - a scroll of brand weapon {unknown}
 j - a scroll of teleportation {unknown}
 k - a scroll of identify {unknown}
 m - 2 scrolls of magic mapping {unknown}
 n - 2 scrolls of enchant armour {unknown}
 p - a scroll of immolation {unknown}
Potions
 d - a potion of curing {unknown}
 f - 2 potions of mutation {unknown}
 g - a potion of heal wounds {unknown}
 o - a potion of invisibility {unknown}
 q - a potion of degeneration {unknown}


   Skills:
 - Level 1.0 Fighting
 + Level 4.7 Dodging
 + Level 3.9 Stealth
 + Level 4.1 Unarmed Combat
 - Level 2.0 Spellcasting
 + Level 3.9 Transmutations
 + Level 2.0 Poison Magic


You had 2 spell levels left.
You knew the following spells:

 Your Spells              Type           Power      Damage    Failure   Level
a - Beastly Appendage     Tmut           26%        N/A       4%          1
b - Wereblood             Tmut           13%        N/A       7%          2
c - Spider Form           Tmut/Pois      10%        N/A       21%         3

Your spell library contained the following spells:

 Spells                   Type           Power      Damage    Failure   Level
 Shock                    Conj/Air       4%         1d3       22%         1
 Ice Form                 Ice/Tmut       7%         N/A       69%         4


Dungeon Overview and Level Annotations

Branches:
Dungeon (5/15)
 Temple: D:4-7

Altars:
Hepliaklqana

Shops:
D:1 !


Innate Abilities, Weirdness & Mutations

You have sharp claws.
You have razor-sharp teeth.
You have supernaturally acute eyesight. (SInv)
You cover ground quickly. (Speed+)
You are covered in fur. (AC +1)
Your paws help you pounce on unaware monsters.
You are incapable of wielding weapons or throwing items.
You cannot wear armour.
You gain extra lives every three experience levels.


Message History

You see here a +0 dagger.
There is a stone staircase leading down here.
There is an escape hatch in the ceiling here.
Done exploring.
Done exploring.
Done exploring.
Okay, then.
Okay, then.
Done exploring.
Search for what [Enter for "."]? .
(D) Dungeon
Where to? (Enter - D:4 @ (x,y), ? - help)
What level of the Dungeon? (default 1, ? - help)
There is a stone staircase leading down here.
You climb downwards.
There is a stone staircase leading up here.
Found an escape hatch in the floor.
Found a stone staircase leading down.
An iguana comes into view.
An iguana is nearby!
A quokka comes into view.
The helpless quokka fails to defend itself.
You mangle the quokka!!
You kill the quokka!
You scratch the iguana but do no damage.
The iguana bites you!
You scratch the iguana.
The iguana is lightly wounded.
The iguana misses you.
You barely miss the iguana.
The iguana is lightly wounded.
The iguana closely misses you.
You scratch the iguana but do no damage.
The iguana is lightly wounded.
The iguana closely misses you.
You scratch the iguana.
The iguana is lightly wounded.
The iguana bites you!
Ouch! That really hurt!
You die...

.......## .>...^.....# #
#........... ## .##
#..........# .. ..#
#..........## .# #<##
#........... .##
...####..........##...#
.....#.........l@.†..#
.....##.##.......##..#
..#..............###.#
..#......#.........#.##...
......##.##..#.###........
.....###.#..##.###.##..#..
.....##..#...>......# ##
.##..###.#.##...#...#
..##.##..#.###.###......


You could see an iguana.

Vanquished Creatures
  An ogre (D:4)
  Blork the orc (D:4)
  A necrophage (D:4)
  A hound (D:4)
  4 adders
  5 dart slugs
  A worm (D:3)
  2 orcs (D:4)
  2 bats
  4 endoplasms
  A giant cockroach (D:1)
  5 goblins
  8 hobgoblins
  2 jackals (D:2)
  2 quokkas
  4 ball pythons
  3 frilled lizards (D:1)
  5 kobolds
  3 rats (D:1)
55 creatures vanquished.

Notes
Turn   | Place    | Note
-------+----------+-------------------------------------------
     0 | D:1      | concernfroge the Felid Transmuter began the quest for the
                  | Orb.
     0 | D:1      | Reached XP level 1. HP: 9/9 MP: 4/4
   432 | D:1      | Reached skill level 1 in Stealth
   432 | D:1      | Reached XP level 2. HP: 5/12 MP: 4/6
   743 | D:1      | Found Vemar's Distillery.
   996 | D:1      | Found a faded altar of an unknown god.
  1012 | D:1      | Got Plato's Parchment of Conjuring
  1016 | D:1      | Learned a level 2 spell: Wereblood
  1592 | D:2      | Reached XP level 3. HP: 6/15 MP: 5/7
  2031 | D:2      | Learned a level 3 spell: Spider Form
  3225 | D:4      | Reached XP level 4. HP: 9/19 MP: 6/8
  3730 | D:4      | Reached skill level 1 in Poison Magic
  3758 | D:4      | Noticed Blork the orc
  3770 | D:4      | Noticed an ogre
  3791 | D:4      | Killed an ogre
  3792 | D:4      | Reached XP level 5. HP: 16/22 MP: 6/9
  3800 | D:4      | Slain by Blork the orc
  3801 | D:4      | Reached XP level 4. HP: -3/19 MP: 4/8
  3815 | D:4      | Killed Blork the orc
  3816 | D:4      | Reached XP level 5. HP: 22/22 MP: 5/9
  4105 | D:4      | Found a hazy altar of Hepliaklqana.
  4582 | D:5      | Entered Level 5 of the Dungeon
  4630 | D:5      | Slain by an iguana

Illustrated notes

Levels and vault maps discovered:
D:1:      dpeg_chamrin_arrival_tetris, layout_basic, serial_shops,
          nicolae_diamond_shop, shapermc_ecumenical_altar_rom_forum, hex_large,
          minmay_split_cup_small
D:2:      layout_basic, eino_curves_01
D:3:      layout_rooms
D:4:      layout_loops_ring, overflow_temple_1_default,
          nicolae_ossuary_entry_plus, minmay_fractal_squares_diagonal_5,
          uniq_blork_the_orc
D:5:      layout_cave_pools, kennysheep_little_box, nicolae_uskayaw_suspiria,
          minmay_temple_entry_proselytizer, uniq_duvessa

Skill      XL: |  1  2  3  4  5 |
---------------+----------------+-----
Dodging        | 3 4 |  4.7
Stealth        | 1 2 3 |  3.9
Transmutations | 3 |  3.9
Poison Magic   | 1 2 |  2.0
Unarmed Combat | 4 |  4.1
Fighting       | |  1.0
Spellcasting   | |  2.0

Action                   |  1- 3 |  4- 6 || total
-------------------------+-------+-------++-------
Melee: Unarmed           |   103 |    69 ||   172
       Headbutt          |    11 |     1 ||    12
       Bite              |    10 |     8 ||    18
       Punch             |     1 |       ||     1
 Cast: Beastly Appendage |    10 |     5 ||    15
       Wereblood         |     3 |     5 ||     8
       Spider Form       |       |     2 ||     2
  Use: Potion            |       |     2 ||     2
       Scroll            |       |     1 ||     1
 Stab: Sleeping          |     5 |     1 ||     6
Armor: Skin              |     9 |     3 ||    12
Dodge: Dodged            |    63 |    50 ||   113
